 Dungeon Crawl Stone Soup version 0.31.0-32-g396128a36d (webtiles) character file.

Game seed: 11190601101535864391

22 spaghetti the Trooper (level 2, 0/28 HPs)
             Began as a Naga Chaos Knight on Mar 9, 2024.
             Was a Plaything of Xom.
             Slain by a jackal (2 damage)
             ... on level 1 of the Dungeon.
             The game lasted 00:00:40 (387 turns).

spaghetti the Trooper (Naga Chaos Knight)            Turns: 387, Time: 00:00:41

Health: 0/28       AC:  4    Str: 11 (14) XL:     2   Next: 91%
Magic:  3/3        EV:  9    Int:  9 (12) God:    Xom [.....*]
Gold:   26         SH:  0    Dex:  7 (10) Spells: 3/3 levels left

rFire   . . .        a - +0 short sword (chaos)
rCold   . . .        (no shield)
rNeg    . . .        b - +2 leather armour
rPois   +            (no helmet)
rElec   .            (no cloak)
rCorr   .            (no gloves)
SInv    +            (no barding)
Will    +....        (no amulet)
Stlth   +            (no ring)
HPRegen 0.24/turn    (no ring)
MPRegen 0.08/turn

%: no passive effects
@: enlightened, flying, very slow
A: AC +0, large, see invisible, deformed body, poison resistance, slowness 2,
spit poison 1, naga tail 1
a: Spit Poison, Renounce Religion


You were on level 1 of the Dungeon.
You worshipped Xom.
You were Xom's teddy bear.
You visited 1 branch of the dungeon, and saw 1 of its levels.

You collected 26 gold pieces.

Inventory:

Hand Weapons
 a - a +0 short sword of chaos (weapon)
Armour
 b - a +2 leather armour (worn)
Scrolls
 c - a scroll of butterflies
 f - a scroll of vulnerability {unknown}
 g - 2 scrolls of teleportation {unknown}
 h - a scroll of fear {unknown}


   Skills:
 - Level 3.4 Fighting
 - Level 3.0 Short Blades
 - Level 1.5 Armour
 - Level 0.7 Dodging
 - Level 1.5 Stealth
 + Level 1.2 Spellcasting


You had 3 spell levels left.
You didn't know any spells.
Your spell library contained the following spells:

 Spells                   Type           Power      Damage    Failure   Level
 Sting                    Conj/Alch      0%         1d3       43%         1
 Mercury Vapours          Alch/Air       0%         N/A       58%         2
 Olgreb's Toxic Radiance  Alch           0%         N/A       99%         4


Dungeon Overview and Level Annotations

Branches:
Dungeon (1/15)

Altars:


Innate Abilities, Weirdness & Mutations

Your serpentine skin is tough. (AC +0)
You have supernaturally acute eyesight. (SInv)
Armour fits poorly on your strangely shaped body.
Your system is resistant to poisons. (rPois)
You cover ground very slowly.
You can spit poison.
You have a snake-like lower body.


Message History

You can't do that yet.
Unknown command.
Unknown command.
It was a potion of degeneration.
There was something very wrong with that liquid.
You feel weakened.
You feel dopey.
You feel clumsy.
You have got your breath back.
The jackal bites you but does no damage.
It was a potion of enlightenment.
You feel very buoyant.
You fly up into the air.
The jackal closely misses you.
The jackal bites you but does no damage.
You hit the jackal.
You kill the jackal!
You closely miss the jackal. The jackal closely misses you.
Aiming: Spit Poison (2% risk of failure)
Press: ? - help, Shift-Dir - straight line, f/p - jackal
Aim: a jackal (50% to hit)
The splash of poison misses the jackal.
The splash of poison hits the jackal.
The jackal is poisoned.
The jackal is moderately wounded.
The jackal barely misses you.
Unknown command.
You closely miss the jackal.
The jackal bites you but does no damage.
The jackal barely misses you.
You hit the jackal. You freeze the jackal.
The jackal is severely wounded.
The jackal closely misses you.
You hit the jackal but do no damage.
The jackal seems to speed up.
The jackal is severely wounded.
You kill the jackal!
The jackal barely misses you. The jackal bites you.
* * * LOW HITPOINT WARNING * * *
You hit the jackal but do no damage.
The jackal is severely wounded.
You have got your breath back.
The jackal bites you.
You die... "It was about time."

#...##.##.)...##.##..###
#.....................#
...+.........+......###..
#.........####...# #.#
##.......## ##..###.#
##.....## #......#
##...## #.###### ##+##
#.# #@# ######.# #h#
#..†...# ##.## #.###### #
##...###.# #.. #.....##.#
#...##...###.##
......#†###...# h h
.........§...#...#
......#§###.#...P.#


You could see a jackal (fast).

Vanquished Creatures
  2 dart slugs (D:1)
  4 endoplasms (D:1)
  A hobgoblin (D:1)
  3 jackals (D:1)
  A ball python (D:1)
  2 bats (D:1)
  A frilled lizard (D:1)
  4 rats (D:1)
18 creatures vanquished.

Notes
Turn   | Place    | Note
-------+----------+-------------------------------------------
     0 | D:1      | spaghetti the Naga Chaos Knight began the quest for the
                  | Orb.
     0 | D:1      | Reached XP level 1. HP: 21/21 MP: 1/1
    20 | D:1      | XOM: silly message
    75 | D:1      | Reached skill level 1 in Stealth
    78 | D:1      | Reached XP level 2. HP: 26/28 MP: 2/2
   200 | D:1      | XOM: divination: detect creatures
   354 | D:1      | Reached skill level 1 in Spellcasting
   355 | D:1      | XOM: fog
   387 | D:1      | Slain by a jackal

Illustrated notes

Levels and vault maps discovered:
D:1:      lightli_arrival_maybe_door_vault, layout_loops_corners,
          serial_bayou_pond_a, st_stairs_13, minmay_ruptured

Skill      XL: |  1  2 |
---------------+-------+-----
Stealth        | 1 |  1.5
Spellcasting   | 1 |  1.2
Fighting       | |  3.4
Short Blades   | |  3.0
Armour         | |  1.5
Dodging        | |  0.7

Action                     || total
---------------------------++-------
  Melee: Short sword       ||    65
Ability: Spit Poison       ||     2
    Use: Potion            ||     2
   Stab: Sleeping          ||     1
 Armour: Leather armour    ||    70
  Dodge: Dodged            ||    43
